 Dungeon Crawl Stone Soup version 0.28-b1-70-g80dc712255 (webtiles) character file.

Game seed: 8312199161882646376

16 adizb the Caller (level 2, -1/15 HPs)
             Began as a Tengu Summoner on Feb 3, 2022.
             Slain by a hobgoblin (4 damage)
             ... on level 1 of the Dungeon.
             The game lasted 00:03:47 (325 turns).

adizb the Caller (Tengu Summoner)                    Turns: 325, Time: 00:03:48

Health: -1/15      AC:  2    Str:  8    XL:     2   Next: 58%
Magic:  1/6        EV: 12    Int: 15    God:
Gold:   0          SH:  0    Dex: 14    Spells: 2/5 levels left

rFire   . . .      SeeInvis .   b - +0 whip
rCold   . . .      Faith    .   (no shield)
rNeg    . . .      Spirit   .   a - +0 robe
rPois   .          Reflect  .   (helmet restricted)
rElec   .          Harm     .   (no cloak)
rCorr   .          Rampage  .   (no gloves)
Will    .....                   (boots unavailable)
Stlth   ++........              (no amulet)
HPRegen 0.05/turn               (no ring)
MPRegen 0.10/turn               (no ring)

@: no status effects
A: beak, talons 3
a: no special abilities


You were on level 1 of the Dungeon.
You visited 1 branch of the dungeon, and saw 1 of its levels.

Inventory:

Hand Weapons
 b - a +0 whip (weapon)
Armour
 a - a +0 robe (worn)
Scrolls
 c - a scroll of enchant weapon {unknown}
 d - a scroll of torment {unknown}
 e - a scroll of vulnerability {unknown}
Potions
 f - a potion of attraction {unknown}


   Skills:
 + Level 2.5 Dodging
 - Level 2.0 Stealth
 + Level 2.2 Spellcasting
 * Level 5.2 Summonings


You had 2 spell levels left.
You knew the following spells:

 Your Spells              Type           Power      Damage    Failure   Level
a - Summon Small Mammal   Summ           68%        N/A       2%          1
b - Call Imp              Summ           17%        N/A       3%          2

Your spell library contained the following spells:

 Spells                   Type           Power      Damage    Failure   Level
 Call Canine Familiar     Summ           17%        N/A       8%          3
 Summon Guardian Golem    Hex/Summ       9%         N/A       22%         3
 Summon Lightning Spire   Summ/Air       9%         N/A       58%         4


Dungeon Overview and Level Annotations

Branches:
Dungeon (1/15)

Altars:


Innate Abilities, Weirdness & Mutations

You have a beak for a mouth.
You have claws for feet.


Message History

Nothing appears to happen.
Casting: Call Imp (safe; 3% risk of failure)
Press: ? - help, Q - select action, (/) - cycle Dir - look around, f - activate A beastly little devil appears in a puff of flame.
The hobgoblin hits you.
Your crimson imp blinks!
You don't have enough magic to cast this spell.
Unknown command.
Your crimson imp blinks!
Your magical contamination has completely faded away.
The jackal misses you. The jackal misses you. The jackal misses you.
Casting: Call Imp (safe; 3% risk of failure)
Press: ? - help, Q - select action, (/) - cycle Dir - look around, f - activate A beastly little devil appears in a puff of flame.
The jackal closely misses you. The jackal bites you.
* * * LOW HITPOINT WARNING * * *
Your crimson imp hits the jackal.
You swap places.
The jackal barely misses you.
Your crimson imp misses the jackal.
You hit the jackal but do no damage. Your kick misses the jackal.
The jackal is severely wounded.
The jackal bites you but does no damage. x2
Your crimson imp hits the jackal.
The jackal dies!
You closely miss the hobgoblin. The hobgoblin hits you.
* * * LOW HITPOINT WARNING * * *
Your crimson imp closely misses the hobgoblin.
You barely miss the hobgoblin.
You claw the hobgoblin, but do no damage.
The hobgoblin misses your crimson imp.
Your crimson imp closely misses the hobgoblin.
You hit the hobgoblin but do no damage. The hobgoblin barely misses you.
Your crimson imp hits the hobgoblin but does no damage.
You hit the hobgoblin. Your kick misses the hobgoblin.
The hobgoblin is heavily wounded.
The hobgoblin hits you.
You die...

#...........#
#..........##
#..........#
#####.####.# #.# #.#
#.####.## #.##.....
#.##.# #.### #....#
#.@5# ##### ####.###.#g#
#...####
#.....#g######......##.
###.###h...h.g.........
####.####.).####.###.##.
#.......♣♣.♣...........
#.##♣♣♣♣♣.P♣#####.##.###
#.♣♣♣♣PP.P♣# .####
#..)♣P..♣♣♣ .#


You could see a jackal, a hobgoblin (ally target), a goblin and a friendly
crimson imp (summoned).

Vanquished Creatures
  A dart slug (D:1)
  A bat (D:1)
  2 hobgoblins (D:1)
  A quokka (D:1)
  2 ball pythons (D:1)
7 creatures vanquished.

Vanquished Creatures (collateral kills)
  An endoplasm (D:1)
  A goblin (D:1)
  A jackal (D:1)
  A frilled lizard (D:1)
  2 kobolds (D:1)
6 creatures vanquished.

Grand Total: 13 creatures vanquished

Notes
Turn   | Place    | Note
-------+----------+-------------------------------------------
     0 | D:1      | adizb the Tengu Summoner began the quest for the Orb.
     0 | D:1      | Reached XP level 1. HP: 10/10 MP: 4/4
    84 | D:1      | Reached skill level 5 in Summonings
   190 | D:1      | Reached XP level 2. HP: 15/15 MP: 3/6
   241 | D:1      | Learned a level 2 spell: Call Imp
   298 | D:1      | Found a faded altar of an unknown god.
   325 | D:1      | Slain by a hobgoblin

Illustrated notes

Levels and vault maps discovered:
D:1:      noname_arrival_rooms_in_the_neighbourhood, layout_loops_ring,
          serial_forest, infiniplex_forest_end_2, infiniplex_forest_join,
          infiniplex_forest_lined_room_3, infiniplex_forest_lined_3,
          infiniplex_forest_zigzag_2, hellmonk_ecumenical_altar_run_dry

Skill      XL: |  1 |
---------------+----+-----
Summonings     | 5 |  5.2
Dodging        | |  2.5
Stealth        | |  2.0
Spellcasting   | |  2.2

Action                   || total
-------------------------++-------
Melee: Whip              ||    24
       Peck              ||     5
       Kick              ||     2
 Cast: Summon Small Mamm ||     5
       Call Imp          ||     5
Armor: Robe              ||     7
Dodge: Dodged            ||    23
